 Dungeon Crawl Stone Soup version 0.31-a0-216-g22e908daa7 (webtiles) character file.

Game seed: 2321719629497781148

23 qw the Shooter (level 3, -4/21 HPs)
             Began as a Gargoyle Hexslinger on July 2, 2023.
             Slain by an orc
             ... wielding a +0 flail
              (6 damage)
             ... on level 2 of the Dungeon.
             The game lasted 00:00:19 (792 turns).

qw the Shooter (Gargoyle Hexslinger)                 Turns: 792, Time: 00:00:20

Health: -4/21      AC:  8    Str: 11    XL:     3   Next: 0%
Magic:  4/4        EV: 10    Int: 13    God:
Gold:   61         SH:  0    Dex: 14    Spells: 3/4 levels left

rFire   . . .        Y - +2 sling
rCold   . . .        (no shield)
rNeg    + . .        g - +0 ring mail
rPois   inf          (no helmet)
rElec   +            (no cloak)
rCorr   +            (no gloves)
SInv    .            (no boots)
Will    .....        (no amulet)
Stlth   +            e - ring of resist corrosion
HPRegen 0.23/turn    (no ring)
MPRegen 0.09/turn

%: no passive effects
@: no status effects
A: sickness immunity, AC +3, negative energy resistance 1, electricity
resistance, torment resistance 1, petrification resistance
a: no special abilities


You were on level 2 of the Dungeon.
You visited 1 branch of the dungeon, and saw 2 of its levels.

You collected 61 gold pieces.


Innate Abilities, Weirdness & Mutations

You are immune to sickness and miasma.
Your stone body is resilient. (AC +3)
You are immune to poison.
You resist negative energy. (rN+)
You are resistant to electric shocks. (rElec)
You are resistant to unholy torment.
You are immune to petrification.


   Skills:
 - Level 2.0 Fighting
 + Level 3.0 Ranged Weapons
 - Level 1.5 Dodging
 - Level 1.0 Spellcasting
 - Level 2.6 Hexes


You had 3 spell levels left.
You knew the following spells:

 Your Spells              Type           Power      Damage    Failure   Level
a - Slow                  Hex            28%        N/A       22%         1

Your spell library contained the following spells:

 Spells                   Type           Power      Damage    Failure   Level
 Inner Flame              Hex/Fire       4%         N/A       75%         3
 Portal Projectile        Hex/Tloc       8%         N/A       75%         3
 Cause Fear               Hex            3%         N/A       92%         4

Inventory:

Hand Weapons
 Y - a +2 sling (weapon)
Armour
 f - a scarf of repulsion
 g - a +0 ring mail (worn)
Jewellery
 e - a ring of resist corrosion (left hand)
Scrolls
 a - a scroll of teleportation {unknown}
 b - a scroll of noise {unknown}
Potions
 d - a potion of heal wounds {unknown}

Dungeon Overview and Level Annotations

Branches:
Dungeon (2/15)

Altars:


Message History

The giant cockroach misses you. The kobold barely misses you.
The orc barely misses you.
The giant cockroach bites you but does no damage.
You shoot a sling bullet.
The sling bullet hits the giant cockroach but does no damage.
The kobold hits you but does no damage. The giant cockroach barely misses you.
The kobold hits you but does no damage. The orc hits you with a +0 flail.
The giant cockroach barely misses you. The orc hits you with a +0 club.
You shoot a sling bullet.
The sling bullet closely misses the giant cockroach.
The giant cockroach bites you but does no damage.
The kobold hits you but does no damage. The orc barely misses you.
The orc hits you with a +0 flail.
You shoot a sling bullet.
The sling bullet hits the giant cockroach.
The giant cockroach is moderately wounded.
The giant cockroach closely misses you. The kobold completely misses you.
The orc hits you but does no damage. The orc barely misses you.
The giant cockroach closely misses you.
You shoot a sling bullet.
The sling bullet barely misses the giant cockroach.
The orc hits you but does no damage. The orc closely misses you.
The kobold hits you with a +0 whip. The giant cockroach closely misses you.
The kobold hits you with a +0 whip. The orc barely misses you. x2
The giant cockroach bites you.
You shoot a sling bullet.
The sling bullet hits the giant cockroach.
You kill the giant cockroach!
The kobold hits you but does no damage. The orc hits you with a +0 club.
The orc barely misses you.
Your Fighting skill increases to level 2!
You have reached level 3!
Your experience leads to an increase in your attributes!
Increase (S)trength, (I)ntelligence, or (D)exterity?
You feel agile. x2
You shoot a sling bullet. The sling bullet hits the orc.
The orc is lightly wounded.
The kobold barely misses you. The orc hits you but does no damage.
The orc closely misses you. The orc hits you with a +0 flail.
You die...

..'..#.#.[#.##..........##.#
..#.#.....#................#
..#.#...#.####........'#####
..#.#.#.#.# #........'#####
..#.#.#.... #...............
..#.#.##....
#............... ###.#.#
.....#..............# #.#.#
[<....Ko...........#
.....?o@...........#
.....).............#
.....#######.......# ....
....... ... ...... .. .... .


You could see 2 orcs and a kobold.

Vanquished Creatures
  2 orcs (D:2)
  2 endoplasms
  A giant cockroach (D:2)
  3 goblins
  A hobgoblin (D:2)
  2 jackals (D:2)
  2 quokkas (D:1)
  A ball python (D:1)
  3 frilled lizards
  3 rats (D:1)
20 creatures vanquished.

Notes
Turn   | Place    | Note
-------+----------+-------------------------------------------
     0 | D:1      | qw the Gargoyle Hexslinger began the quest for the Orb.
     0 | D:1      | Reached XP level 1. HP: 12/12 MP: 2/2
     0 | D:1      | 0 ||| qw: Version: 0.3-a-39-g4513739
     0 | D:1      | 0 ||| qw: Game counter: 7914
     0 | D:1      | 0 ||| qw: Melee chars always use a shield: true
     0 | D:1      | 0 ||| qw: God list: Okawaru
     0 | D:1      | 0 ||| qw: Allow faded altars: false
     0 | D:1      | 0 ||| qw: Do Orc after clearing Dungeon:15 true
     0 | D:1      | 0 ||| qw: Do second Lair branch before Depths: true
     0 | D:1      | 0 ||| qw: Lair rune preference: random
     0 | D:1      | 0 ||| qw: Goals: Normal
     0 | D:1      | 0 ||| PLANNING D:1-11
   172 | D:1      | Reached XP level 2. HP: 16/16 MP: 3/3
   478 | D:1      | 478 ||| UPGRADING to +0 ring mail.
   488 | D:1      | 488 ||| DROPPING +0 robe.
   489 | D:1      | 489 ||| UPGRADING to ring of resist corrosion.
   490 | D:1      | 490 ||| READING scroll labelled GUIBLOOSCHO.
   491 | D:1      | 491 ||| DRINKING 2 fizzy cyan potions.
   531 | D:1      | 531 ||| DROPPING scroll of poison.
   532 | D:1      | 532 ||| DROPPING potion of lignification.
   570 | D:2      | Reached skill level 3 in Ranged Weapons
   791 | D:2      | HP: 1/17 [orc/+0 club (4)]
   792 | D:2      | Reached XP level 3. HP: 2/21 MP: 4/4
   792 | D:2      | Slain by an orc

Levels and vault maps discovered:
D:1:      ebering_trefoil_twist, layout_basic
D:2:      layout_basic, minmay_misc_feat_tiny

Skill      XL: |  1  2 |
---------------+-------+-----
Ranged Weapons | 3 |  3.0
Fighting       | 2 |  2.0
Dodging        | |  1.5
Spellcasting   | |  1.0
Hexes          | |  2.6

Action                     || total
---------------------------++-------
   Fire: Sling             ||    81
    Use: Scroll            ||     1
         Potion            ||     1
 Armour: Robe              ||     3
         Ring mail         ||    33
  Dodge: Dodged            ||    60

Table legend:
 A = Non-vault XP
 B = Vault XP
 C = Vault XP percentage of total XP
 D = Non-vault monster count
 E = Vault monster count
 F = Vault count percentage of total count
                 A         B        C        D         E       F
            +---------+---------+-------+---------+---------+-------
      Total |      34 |       0 |   0.0 |      20 |       0 |   0.0
            +---------+---------+-------+---------+---------+-------
        D:1 |      15 |       0 |   0.0 |      11 |       0 |   0.0
        D:2 |      19 |       0 |   0.0 |       9 |       0 |   0.0
            +---------+---------+-------+---------+---------+-------
